 Dungeon Crawl Stone Soup version 0.28.0-53-g5a82cb258f (webtiles) character file.

Game seed: 10731289717452577488

1503 jiml777 the Digger (level 8, -1/46 HPs)
             Began as a Gargoyle Earth Elementalist on June 13, 2022.
             Was a Follower of Cheibriados.
             Slain by Harold
             ... wielding a +0 trident
              (16 damage)
             ... on level 7 of the Dungeon.
             The game lasted 00:30:49 (6048 turns).

jiml777 the Digger (Gargoyle Earth Elementalist)    Turns: 6048, Time: 00:30:49

Health: -1/46      AC: 10    Str: 15    XL:     8   Next: 82%
Magic:  16/16      EV:  6    Int: 25    God:    Cheibriados [*.....]
Gold:   365        SH:  0    Dex: 13    Spells: 11/18 levels left

rFire   + . .      SeeInvis +   p - +4 dagger
rCold   . . .      Faith    .   (no shield)
rNeg    + . .      Spirit   .   q - +0 leather armour of Disappointment {rF+ Int+4}
rPois   ∞          Reflect  .   (no helmet)
rElec   +          Harm     .   (no cloak)
rCorr   .          Rampage  .   h - +0 pair of gloves
Will    .....                   (no boots)
Stlth   +.........              b - amulet of the acrobat
HPRegen 0.15/turn               y - ring of flight
MPRegen 0.15/turn               A - ring of see invisible

@: confused, ambrosia-drunk, marked, flying, held, very slow
A: sickness immunity, AC +5, negative energy resistance 1, electricity
resistance, torment resistance 1, petrification resistance
a: Renounce Religion, Bend Time


You were on level 7 of the Dungeon.
You worshipped Cheibriados.
Cheibriados was aware of your devotion.
You visited 2 branches of the dungeon, and saw 8 of its levels.

You collected 365 gold pieces.

Inventory:

Hand Weapons
 j - a +1 short sword of flaming
 p - a +4 dagger (weapon)
Missiles
 a - a throwing net
 c - 118 stones
 g - 4 poisoned darts
 m - 5 atropa-tipped darts
 n - 45 sling bullets
 s - 17 arrows
Armour
 h - a +0 pair of gloves (worn)
 q - the +0 leather armour of Disappointment (worn) {rF+ Int+4}
   (You found it on level 3 of the Dungeon)

   Int:       It affects your intelligence (+4).
   rF:        It protects you from fire.
Jewellery
 b - an amulet of the acrobat (around neck)
 k - a ring of willpower
 t - an amulet of guardian spirit
 u - a ring of resist corrosion
 y - a ring of flight (left hand)
 A - a ring of see invisible (right hand)
Wands
 w - a wand of iceblast (9)
 x - a wand of mindburst (13)
Scrolls
 d - a scroll of magic mapping
 l - 4 scrolls of teleportation
 z - a scroll of vulnerability {unknown}
Potions
 e - 2 potions of brilliance
 i - 2 potions of resistance
 o - a potion of attraction
 r - 2 potions of magic


   Skills:
 * Level 3.0 Fighting
 * Level 2.7 Short Blades
 + Level 2.4 Armour
 + Level 2.1 Dodging
 - Level 3.1 Stealth
 + Level 5.5 Spellcasting
 * Level 2.1 Conjurations
 * Level 1.6 Translocations
 * Level 2.1 Transmutations
 + Level 7.6 Earth Magic


You had 11 spell levels left.
You knew the following spells:

 Your Spells              Type           Power      Damage    Failure   Level
a - Sandblast             Erth           90%        2d19      1%          1
b - Passwall              Tmut/Erth      25%        N/A       1%          2
c - Stone Arrow           Conj/Erth      62%        3d10      3%          3
d - Apportation           Tloc           30%        N/A       4%          1

Your spell library contained the following spells:

 Spells                   Type           Power      Damage    Failure   Level
 Sting                    Tmut/Pois      48%        1d5       6%          1
 Animate Skeleton         Necr           12%        N/A       10%         1
 Summon Small Mammal      Summ           24%        N/A       10%         1
 Petrify                  Tmut/Erth      31%        N/A       13%         4
 Poisonous Vapours        Pois/Air       12%        N/A       14%         2
 Olgreb's Toxic Radiance  Pois           6%         N/A       67%         4
 Dispersal                Tloc           7%         N/A       100%        6
 Borgnjor's Revivificati  Necr           3%         N/A       100%        8
 Disjunction              Tloc           7%         N/A       100%        8
 Necromutation            Tmut/Necr      6%         N/A       100%        8
 Death's Door             Necr           3%         N/A       100%        9


Dungeon Overview and Level Annotations

Branches:
Dungeon (7/15)             Temple (1/1) D:4

Altars:
Cheibriados
Dithmenos
Elyvilon
Fedhas
Gozag
Hepliaklqana
Kikubaaqudgha
Makhleb
Nemelex Xobeh
Okawaru
Qazlal
Ru
Sif Muna
Trog
Uskayaw
Vehumet
Wu Jian
Xom
Yredelemnul
Zin
The Shining One

Annotations:
D:7 Harold


Innate Abilities, Weirdness & Mutations

You are immune to sickness and miasma.
Your stone body is resilient. (AC +5)
You are immune to poison.
You resist negative energy. (rN+)
You are resistant to electric shocks. (rElec)
You are resistant to unholy torment.
You are immune to petrification.


Message History

You closely miss the hound.
The hound is severely wounded.
The hound bites you.
Casting: Sandblast (safe; 1% risk of failure)
Confirm with . or Enter, or press ? or * to list all spells.
Aiming: Sandblast (safe; 1% risk of failure)
Press: ? - help, Shift-Dir - straight line, f - hound
Aim: a hound (severely wounded, 76% to hit)
The blast of sand hits the hound!!
You kill the hound!
Cheibriados thoroughly appreciates the change of pace.
Harold throws a throwing net.
The throwing net hits you.
You become entangled in the net!
Your Conjurations skill increases to level 2!
You feel much better.
Harold zaps a wand.
You suddenly lose the ability to move!
Harold fires a harpoon shot at you.
The harpoon shot hits you but does no damage.
Harold zaps a wand.
You resist with some effort.
Harold hits you from afar with a +0 trident!
You can move again.
You struggle against the net.
Harold points at you and mumbles some strange words.
A sentinel's mark forms upon you.
Casting: Sandblast (safe; 1% risk of failure)
Confirm with . or Enter, or press ? or * to list all spells.
Aiming: Sandblast (safe; 1% risk of failure)
Press: ? - help, Shift-Dir - straight line, f - Harold
Aim: Harold, wielding a +0 trident, wearing a +1 scale mail of poison resistance, quivering a throwing net and carrying a wand of paralysis (5) (90% to hit)
The blast of sand hits Harold!
Harold is lightly wounded.
Harold hits you from afar with a +0 trident!
* * * LOW HITPOINT WARNING * * *
You are confused.
You feel invigorated.
Harold hits you from afar with a +0 trident.
* * * LOW HITPOINT WARNING * * *
You tear a large gash into the net.
Harold hits you from afar with a +0 trident!
You die...

...........#
...........#
...........######
.................
.........(......#
.......J#.......#
#+#####@# .....# #†#
...#
######@#######.####
.................<.#
#######.#######.#..#
#.# ###....# ###
#.##.# #.? .# ### #


You could see Harold and a jelly.

Vanquished Creatures
  Sigmund (D:6)
  A black bear (D:5)
  A necrophage (D:4)
  A kobold brigand (D:5)
  A bullfrog (D:4)
  3 scorpions
  2 water moccasin skeletons
  A howler monkey (D:5)
  A jelly (D:4)
  7 hounds
  An orc priest (D:4)
  A centaur skeleton (D:5)
  3 iguanas
  2 orc wizards
  A hound zombie (D:4)
  A hound skeleton (D:4)
  A howler monkey zombie (D:6)
  9 gnolls
  8 adders
  A white imp (D:5)
  An ufetubus (D:5)
  An adder skeleton (D:5)
  3 worms
  2 dart slugs (D:1)
  11 orcs
  4 ball pythons
  5 bats
  7 endoplasms
  3 giant cockroaches
  3 goblins
  2 hobgoblins
  11 kobolds
  5 quokkas
  6 frilled lizards (D:1)
  3 rats (D:1)
114 creatures vanquished.

Notes
Turn   | Place    | Note
-------+----------+-------------------------------------------
     0 | D:1      | jiml777 the Gargoyle Earth Elementalist began the quest for
                  | the Orb.
     0 | D:1      | Reached XP level 1. HP: 10/10 MP: 3/3
   140 | D:1      | Reached skill level 4 in Earth Magic
   447 | D:1      | Reached XP level 2. HP: 15/15 MP: 3/5
   617 | D:1      | Found a faded altar of an unknown god.
   778 | D:1      | Reached XP level 3. HP: 19/19 MP: 1/6
  1616 | D:2      | Found a shadowy altar of Dithmenos.
  1954 | D:3      | Reached XP level 4. HP: 24/24 MP: 0/8
  2032 | D:3      | Identified the +0 leather armour of Disappointment {rF+
                  | Int+4}
  2425 | D:3      | Reached skill level 5 in Earth Magic
  2717 | D:3      | Reached XP level 5. HP: 28/28 MP: 7/9
  3279 | D:4      | Reached skill level 6 in Earth Magic
  3279 | D:4      | Reached XP level 6. HP: 32/32 MP: 8/11
  3652 | D:4      | Reached skill level 1 in Armour
  3770 | D:4      | Reached XP level 7. HP: 36/37 MP: 9/13
  3774 | D:4      | Reached skill level 1 in Short Blades
  3982 | D:4      | Reached skill level 7 in Earth Magic
  3985 | D:4      | Learned a level 2 spell: Passwall
  3989 | D:4      | Learned a level 3 spell: Stone Arrow
  3991 | D:4      | Learned a level 1 spell: Apportation
  4055 | D:4      | Found a staircase to the Ecumenical Temple.
  4062 | Temple   | Entered the Ecumenical Temple
  4150 | Temple   | Became a worshipper of Cheibriados the Contemplative
  4417 | D:5      | Entered Level 5 of the Dungeon
  4499 | D:5      | Reached skill level 1 in Fighting
  4499 | D:5      | Reached skill level 5 in Spellcasting
  4499 | D:5      | Reached skill level 1 in Translocations
  4499 | D:5      | Reached skill level 1 in Transmutations
  4568 | D:5      | Reached XP level 8. HP: 44/44 MP: 11/15
  4798 | D:5      | Reached * piety under Cheibriados
  4903 | D:5      | Reached skill level 1 in Conjurations
  5819 | D:6      | Noticed Sigmund
  5831 | D:6      | Killed Sigmund
  6026 | D:7      | Noticed Harold
  6041 | D:7      | Paralysed by Harold for 4 turns
  6048 | D:7      | Slain by Harold

Illustrated notes

Levels and vault maps discovered:
D:1:      evilmike_arrival_hilbert_curve, layout_loops_cross,
          ebering_ecumenical_altar_petrified
D:2:      layout_rooms, basic_altar, grunt_ministairs_12
D:3:      layout_rooms, minmay_misc_feat_rugged
D:4:      cheibrodos_barr_body, layout_rooms, temple_statues,
          grunt_decor_arrowhead, hangedman_decor_clover_reticule
D:5:      layout_gridville
D:6:      layout_rooms, uniq_sigmund
D:7:      layout_basic, chequers_decorated_corner, uniq_harold
Temple:   grunt_wide_crystal_templ

Skill      XL: |  1  2  3  4  5  6  7  8 |
---------------+-------------------------+-----
Earth Magic    | 4 5 6 7 |  7.6
Spellcasting   | 3 4 5 |  5.5
Armour         | 1 2 |  2.4
Dodging        | 2 |  2.1
Short Blades   | 1 2 |  2.7
Stealth        | 3 |  3.1
Fighting       | 2 3 |  3.0
Translocations | 1 |  1.6
Transmutations | 1 2 |  2.1
Conjurations   | 2 |  2.1

Action                   |  1- 3 |  4- 6 |  7- 9 || total
-------------------------+-------+-------+-------++-------
Melee: Short sword       |     3 |       |       ||     3
       Dagger            |     2 |    31 |    58 ||    91
       Punch             |       |     1 |       ||     1
 Cast: Sandblast         |    51 |    46 |    69 ||   166
  Use: Scroll            |       |     8 |     7 ||    15
       Potion            |       |       |     2 ||     2
 Stab: Sleeping          |     1 |     1 |       ||     2
Armor: Robe              |     4 |       |       ||     4
       Leather armour    |       |    13 |    33 ||    46
Dodge: Dodged            |     8 |    20 |    51 ||    79
